 Dungeon Crawl Stone Soup version 0.19.0-19-g8c6edcc (webtiles) character file.

1274 MirrMurr the Ruffian (level 8, -10/78 HPs)
             Began as a Troll Hunter on Nov 14, 2016.
             Was a Priest of Qazlal.
             Mangled by an unseen horror (12 damage)
             ... on level 6 of the Dungeon.
             The game lasted 00:10:59 (4012 turns).

MirrMurr the Ruffian (Troll Hunter)                 Turns: 4012, Time: 00:10:59

Health: -10/78     AC:  5    Str: 21    XL:     8   Next: 28%
Magic:  7/7        EV: 10    Int:  7    God:    Qazlal [***...]
Gold:   281        SH:  3    Dex: 12    Spells: 0 memorised, 7 levels left

rFire  . . .     SeeInvis .       - Unarmed
rCold  + . .     Gourm    +     q - +0 robe
rNeg   . . .     Faith    .     (no shield)
rPois  .         Spirit   .     (helmet restricted)
rElec  .         Reflect  .     (no cloak)
rCorr  .         Harm     .     (gloves unavailable)
MR     .....                    (boots unavailable)
Stlth  +.........               (no amulet)
                                (no ring)
                                p - ring of protection from cold

@: no status effects
A: unfitting armour, claws 3, fast metabolism 3, gourmand, regeneration 1,
shaggy fur 1, tough skin 2
a: Upheaval, Elemental Force, Renounce Religion


You were on level 6 of the Dungeon.
You worshipped Qazlal.
Qazlal was most pleased with you.
You were completely stuffed.

You visited 1 branch of the dungeon, and saw 6 of its levels.
You also visited: Sewer and Ossuary.

You collected 281 gold pieces.

Inventory:

Hand Weapons
 b - a +0 blowgun
Missiles
 g - 40 poisoned needles
Armour
 q - a +0 robe (worn)
Jewellery
 j - an uncursed ring of flight
 n - a +4 ring of intelligence
 p - a ring of protection from cold (left claw)
Wands
 y - a wand of lightning (5/15)
Scrolls
 m - a scroll of teleportation
 r - 7 scrolls of remove curse
Potions
 a - a potion of cure mutation
 e - a potion of magic
 i - 2 potions of curing
 k - 6 potions of flight
 l - a potion of invisibility {unknown}
 o - 2 potions of heal wounds {unknown}
 s - 2 potions of might {unknown}
 t - 2 potions of ambrosia {unknown}
 u - 3 potions of cancellation
 x - 2 potions of resistance {unknown}
 z - 2 potions of mutation {unknown}
 A - a potion of haste {unknown}
 B - a potion of degeneration {unknown}
Comestibles
 c - 2 chunks of flesh
 f - 6 bread rations
 h - 6 meat rations
 v - 4 fruits
 w - a beef jerky


   Skills:
 + Level 4.2 Fighting
 + Level 5.9 Throwing
 - Level 1.5 Dodging
 - Level 0.3 Stealth
 * Level 7.1 Unarmed Combat


You had 7 spell levels left.
You didn't know any spells.

Dungeon Overview and Level Annotations

Branches:
Dungeon (6/15)
 Temple: D:4-7

Altars:
Elyvilon
Gozag
Qazlal
Ru
Zin


Innate Abilities, Weirdness & Mutations

You are too large for most types of armour.
You have claws for hands.
Your metabolism is lightning-fast.
You like to eat raw meat.
Your natural rate of healing is unusually fast.
You are covered in fur. (AC +1)
You have very tough skin. (AC +2)


Message History

Something hits you.
Deactivating autopickup; reactivate with Ctrl-A.
You see here a meat ration.
You scratch something but do no damage. Your claw misses something.
Something hits you! Something hits you.
You scratch something. Something hits you!
You barely miss something. Something hits you.
* * * LOW HITPOINT WARNING * * *
Something hits you.
* * * LOW HITPOINT WARNING * * *
Something hits you!
* * * LOW HITPOINT WARNING * * *
You miss something. Something hits you.
* * * LOW HITPOINT WARNING * * *
Something hits you!
* * * LOW HITPOINT WARNING * * *
There is an open door, spattered with blood here.
Unknown command.
Something hits you!
You die...

##.......###.##.##
#.........##.#...#####
+.........'...........
#...).....##.#...#####
##....(..###.##.##
##.....#....>.##
#.....#.##.#. ####
#######'############(.#
.......@.%.........(..#
.#.#.#.#ยง#.#.#)#.#.#..#
#.%...?.#.....p.#5##
#################h#
#.ph..........##(#
##O....#...##.##.#
##[#............#
.........#...##.####
#####.##........#


There were no monsters in sight!

Vanquished Creatures
  Sigmund (D:4)
  A phantom (D:6)
  2 centaurs (D:5)
  Blork the orc (D:4)
  A big kobold (Sewer)
  2 scorpions
  A howler monkey (D:5)
  2 crimson imps
  A hound (D:3)
  2 orc wizards (D:5)
  An orc priest (D:5)
  Jessica (D:2)
  2 iguanas (D:6)
  3 big kobold zombies (Ossuary)
  A hound skeleton (D:4)
  2 mummies (Ossuary)
  3 gnolls (D:6)
  A howler monkey skeleton (D:4)
  3 adders
  A river rat (Sewer)
  2 shadow imps
  3 oozes
  6 adder zombies (Ossuary)
  6 worms
  A dart slug (D:1)
  3 leopard geckos
  7 orcs
  9 bats
  5 giant cockroaches
  2 gnoll zombies (Ossuary)
  8 goblins
  3 hobgoblins
  4 jackals
  3 quokkas
  2 ball pythons
  3 frilled lizards
  3 hobgoblin zombies (Ossuary)
  14 kobolds
  6 kobold zombies (Ossuary)
  A leopard gecko skeleton (D:5)
  2 orc zombies (Ossuary)
  8 rats
133 creatures vanquished.

Notes
Turn   | Place    | Note
-------+----------+-------------------------------------------
     0 | D:1      | MirrMurr the Troll Hunter began the quest for the Orb.
     0 | D:1      | Reached XP level 1. HP: 19/19 MP: 0/0
    69 | D:1      | Reached skill level 1 in Unarmed Combat
    90 | D:1      | Reached XP level 2. HP: 28/28 MP: 1/1
   299 | D:1      | Reached XP level 3. HP: 35/35 MP: 2/2
   575 | D:2      | Reached skill level 2 in Unarmed Combat
   703 | D:2      | Noticed Jessica
   709 | D:2      | Killed Jessica
   709 | D:2      | Reached XP level 4. HP: 44/44 MP: 3/3
   714 | D:2      | Found a glowing silver altar of Zin.
  1467 | D:3      | Reached skill level 3 in Unarmed Combat
  1554 | D:3      | Reached XP level 5. HP: 42/50 MP: 4/4
  1580 | D:3      | Found a glowing drain.
  1584 | Sewer    | Entered a sewer
  1666 | Sewer    | Reached skill level 4 in Unarmed Combat
  1825 | Sewer    | Found a white marble altar of Elyvilon.
  2194 | D:3      | Found a faded altar of an unknown god.
  2216 | D:3      | Found a sacrificial altar of Ru.
  2230 | D:3      | Became a worshipper of Qazlal Stormbringer
  2230 | D:3      | Reached * piety under Qazlal
  2408 | D:4      | Found a white marble altar of Elyvilon.
  2481 | D:4      | Noticed Blork the orc
  2484 | D:4      | Reached XP level 6. HP: 59/59 MP: 5/5
  2491 | D:4      | Killed Blork the orc
  2524 | D:4      | Noticed Sigmund
  2527 | D:4      | Killed Sigmund
  2527 | D:4      | Reached skill level 5 in Unarmed Combat
  2975 | D:5      | Entered Level 5 of the Dungeon
  2992 | D:5      | Reached XP level 7. HP: 67/67 MP: 6/6
  3051 | D:5      | Reached skill level 5 in Throwing
  3114 | D:5      | Reached skill level 6 in Unarmed Combat
  3160 | D:5      | Found an opulent altar of Gozag.
  3171 | D:5      | Reached ** piety under Qazlal
  3381 | D:5      | Found a sand-covered staircase.
  3385 | Ossuary  | Entered an ossuary
  3546 | Ossuary  | Reached XP level 8. HP: 62/78 MP: 7/7
  3893 | D:6      | Noticed a death knight
  3902 | D:6      | Reached skill level 7 in Unarmed Combat
  3996 | D:6      | Reached *** piety under Qazlal
  4011 | D:6      | HP: 1/78 [something (10)]
  4012 | D:6      | Mangled by an unseen horror

Skill      XL: |  1  2  3  4  5  6  7  8 |
---------------+-------------------------+-----
Unarmed Combat | 1 2 3 4 5 6 7 |  7.1
Fighting       | 2 3 4 |  4.2
Throwing       | 4 5 |  5.9
Dodging        | |  1.5
Stealth        | |  0.3

Action                   |  1- 3 |  4- 6 |  7- 9 || total
-------------------------+-------+-------+-------++-------
Melee: Unarmed           |    78 |   162 |   186 ||   426
       Punch             |       |     2 |       ||     2
Throw: Large rock        |       |     6 |     6 ||    12
       Throwing net      |       |       |     2 ||     2
  Use: Scroll            |       |    11 |     3 ||    14
       Potion            |       |     1 |     1 ||     2
 Stab: Sleeping          |     2 |     1 |       ||     3
  Eat: Chunk             |    12 |    21 |    10 ||    43
Armor: Robe              |    31 |    56 |    39 ||   126
Dodge: Dodged            |    42 |    83 |    58 ||   183
Block: Other             |       |     1 |    14 ||    15
